 Dungeon Crawl Stone Soup version 0.18-a0-102-gb1241f3 (webtiles) character file.

7320 Proton the Covert (level 11, -6/100 HPs)
             Began as a Naga Fighter on Nov 15, 2015.
             Was a Believer of Cheibriados.
             Mangled by Grum
             ... wielding a +0 glaive
              (16 damage)
             ... on level 10 of the Dungeon.
             The game lasted 00:25:22 (10938 turns).

Proton the Covert (Naga Fighter)                   Turns: 10938, Time: 00:25:22

Health: -6/100     AC: 15    Str: 26    XL:     11   Next: 13%
Magic:  8/11       EV:  8    Int: 12    God:    Cheibriados [**....]
Gold:   461        SH: 11    Dex: 15    Spells: 0 memorised, 10 levels left

rFire  + . .     SeeInvis +     b - +4 scimitar (flame)
rCold  . . .     Clarity  .     M - +0 plate armour
rNeg   . . .     SustAt   .     c - +0 shield
rPois  +         Gourm    .     v - +0 helmet
rElec  .         Spirit   .     l - +1 cloak
rCorr  .         Warding  .     (no gloves)
rMut   +         Stasis   .     (no barding)
MR     +....                    u - amulet of resist mutation
Stlth  +.........               e - +1 ring of evasion
                                t - ring of protection from fire

@: about to teleport, very slow, somewhat resistant to hostile enchantments,
very unstealthy
A: see invisible, deformed body, poison resistance, slowness 2, slow metabolism
1, spit poison 2, AC +3
a: Spit Poison, Bend Time, Renounce Religion


You were on level 10 of the Dungeon.
You worshipped Cheibriados.
Cheibriados was pleased with you.
You were hungry.

You visited 2 branches of the dungeon, and saw 11 of its levels.
You also visited: Sewer.

You collected 497 gold pieces.
You spent 36 gold pieces at shops.

Inventory:

Hand Weapons
 b - a +4 scimitar of flaming (weapon)
 g - a +1 demon whip of venom
Armour
 c - a +0 shield (worn)
 l - a +1 cloak (worn)
 v - a +0 helmet (worn)
 M - a +0 plate armour (worn)
Jewellery
 e - a +1 ring of evasion (right hand)
 t - a ring of protection from fire (left hand)
 u - an amulet of resist mutation (around neck)
Wands
 s - a wand of confusion (24)
Scrolls
 i - a scroll of random uselessness {unknown}
 m - 8 scrolls of teleportation
 q - 5 scrolls of magic mapping
 y - a scroll of immolation {unknown}
 A - 6 scrolls of remove curse
 C - 2 scrolls of amnesia {unknown}
 E - 3 scrolls of fear {unknown}
 F - 3 scrolls of blinking {unknown}
 G - a scroll of recharging {unknown}
 H - a scroll of fog {unknown}
 J - a scroll of noise {unknown}
Potions
 d - a potion of might
 h - 5 potions of lignification
 j - 5 potions of heal wounds
 k - 8 potions of curing
 n - a potion of poison {unknown}
 o - 2 potions of invisibility
 p - a potion of ambrosia
 r - 3 potions of haste
 w - 2 potions of cancellation
 x - a potion of brilliance
 z - a potion of berserk rage
Comestibles
 a - 2 bread rations
 f - 3 fruits
 B - a royal jelly
 I - 9 beef jerkies


   Skills:
 + Level 7.6 Fighting
 + Level 7.0 Long Blades
 + Level 6.4 Armour
 + Level 5.3 Dodging
 + Level 10.4 Stealth
 + Level 6.4 Shields


You had 10 spell levels left.
You didn't know any spells.

Dungeon Overview and Level Annotations

Branches:
Dungeon (10/15)            Temple (1/1) D:5
   Lair: D:8-11         Orc: D:9-12

Altars:
Ashenzari
Cheibriados
Dithmenos
Elyvilon
Fedhas
Gozag
Kikubaaqudgha
Makhleb
Nemelex Xobeh
Okawaru
Qazlal
Ru
Sif Muna
Trog
Vehumet
Xom
Yredelemnul
Zin
The Shining One

Shops:
D:7 %

Annotations:
D:10 Grum


Innate Abilities, Weirdness & Mutations

You cannot wear boots.
Your serpentine skin is tough (AC +3).
You have supernaturally acute eyesight.
Armour fits poorly on your strangely shaped body.
Your system is resistant to poisons.
You cover ground very slowly.
You have a slow metabolism.
You can spit poison.


Message History

The wolf bites you. The wolf barely misses you.
You hit the wolf but do no damage.
The wolf is heavily wounded.
You block the wolf's attack. You block Grum's attack. The wolf bites you!
* * * LOW HITPOINT WARNING * * *
The flow of time bends around you.
The wolf resists with some effort.
You feel slightly more hungry. You block the wolf's attack.
Grum hits you from afar with a glaive.
* * * LOW HITPOINT WARNING * * *
You closely miss the wolf.
The wolf is heavily wounded.
The wolf bites you.
* * * LOW HITPOINT WARNING * * *
The wolf bites you.
* * * LOW HITPOINT WARNING * * *
As you read the scroll of teleportation, it crumbles to dust.
You feel strangely unstable. The wolf bites you.
* * * LOW HITPOINT WARNING * * *
The wolf bites you but does no damage. Grum hits you from afar with a glaive!
You die...

##########
#####
#........#
.....
#........#
.....(
#........#
###......
#........#
#.†......
#........###g#
+........'@hh#
#........#####
##'#######
#.## #..# ##
##.## .#
#..##### .#
##....(## .#
#####..#


You could see Grum and 2 wolves.

Vanquished Creatures
  Erolcha (D:10)
  Erica (D:8)
  Pikel (D:6)
  The ghost of Vergil the Skirmisher, a novice VSAK of Lugonu (D:4)
  A troll (D:10)
  A two-headed ogre (D:9)
  Sigmund (D:2)
  A hungry ghost (D:7)
  A wolf (D:10)
  An ice beast (D:9)
  A sky beast (D:9)
  Duvessa (D:4)
  3 slaves (D:7)
  3 orc warriors
  2 phantoms
  2 centaurs
  8 ogres
  A crocodile (Sewer)
  A big kobold (D:9)
  Blork the orc (D:4)
  Dowan (D:4)
  6 scorpions
  3 giant frogs
  10 wights
  4 killer bees
  9 orc wizards
  6 crimson imps
  A giant frog zombie (D:6)
  2 hounds
  A gnoll shaman (D:4)
  3 jellies (D:10)
  7 orc priests
  A centaur skeleton (D:4)
  3 worker ants
  3 iguanas
  A hound zombie (D:6)
  2 hound skeletons (D:4)
  13 gnolls
  5 shadow imps
  13 adders
  2 oozes
  An adder zombie (D:9)
  An adder skeleton (D:6)
  3 worms (D:2)
  23 orcs
  4 giant cockroaches
  5 goblins
  6 hobgoblins
  13 jackals
  2 quokkas
  5 ball pythons
  16 bats
  5 giant geckos
  10 giant newts
  A jackal skeleton (D:6)
  18 kobolds
  12 rats
254 creatures vanquished.

Vanquished Creatures (others)
  Menkaure (D:7)
  An adder skeleton (D:8)
  An orc (D:7)
  A fungus (D:4)
  2 plants (D:10)
6 creatures vanquished.

Grand Total: 260 creatures vanquished

Notes
Turn   | Place    | Note
--------------------------------------------------------------
     0 | D:1      | Proton the Naga Fighter began the quest for the Orb.
     0 | D:1      | Reached XP level 1. HP: 21/21 MP: 1/1
   203 | D:1      | Reached skill level 1 in Stealth
   203 | D:1      | Reached XP level 2. HP: 25/28 MP: 2/2
   731 | D:1      | Reached XP level 3. HP: 34/34 MP: 3/3
   878 | D:2      | Noticed Sigmund
   917 | D:2      | HP: 1/34 [Sigmund/scythe (3)]
   920 | D:2      | Killed Sigmund
   920 | D:2      | Reached skill level 1 in Dodging
   920 | D:2      | Reached XP level 4. HP: 1/44 MP: 4/4
   920 | D:2      | Reached XP level 5. HP: 1/50 MP: 5/5
  1521 | D:2      | Reached XP level 6. HP: 55/57 MP: 6/6
  1658 | D:2      | Found a shadowy altar of Dithmenos.
  1664 | D:2      | Found a stormy altar of Qazlal.
  1982 | D:3      | Found an iron altar of Okawaru.
  2026 | D:3      | Reached skill level 4 in Fighting
  2621 | D:4      | Noticed Vergil's ghost (novice VSAK)
  2743 | D:4      | Reached XP level 7. HP: 35/64 MP: 7/7
  2931 | D:4      | Noticed Dowan
  2932 | D:4      | Noticed Duvessa
  2958 | D:4      | Killed Duvessa
  2969 | D:4      | Killed Dowan
  3321 | D:4      | Reached skill level 5 in Stealth
  3487 | D:5      | Entered Level 5 of the Dungeon
  3611 | D:5      | Found a staircase to the Ecumenical Temple.
  3632 | Temple   | Entered the Ecumenical Temple
  4057 | D:5      | Reached XP level 8. HP: 56/73 MP: 8/8
  4709 | D:4      | Killed Vergil's ghost
  4742 | D:4      | Noticed Blork the orc
  4749 | D:4      | Killed Blork the orc
  4749 | D:4      | Reached skill level 6 in Stealth
  4827 | D:4      | Reached skill level 5 in Fighting
  5584 | D:6      | Reached skill level 5 in Long Blades
  5584 | D:6      | Reached XP level 9. HP: 52/81 MP: 9/9
  5620 | D:6      | Found a glowing silver altar of Zin.
  5742 | D:6      | Found a glowing drain.
  5748 | Sewer    | Entered a sewer
  5823 | Sewer    | Reached skill level 7 in Stealth
  6776 | D:7      | Noticed Pikel
  6818 | D:6      | Killed Pikel
  6818 | D:6      | Reached skill level 5 in Armour
  6818 | D:6      | Reached skill level 8 in Stealth
  6818 | D:6      | Reached skill level 5 in Shields
  7238 | D:7      | Noticed Menkaure
  8125 | D:7      | Killed Menkaure
  8231 | D:7      | Reached XP level 10. HP: 83/92 MP: 10/10
  8252 | D:7      | Found Zudaalos's Food Shop.
  8431 | D:7      | Bought a beef jerky for 18 gold pieces
  8431 | D:7      | Bought a beef jerky for 18 gold pieces
  8640 | D:8      | Reached skill level 9 in Stealth
  9287 | D:8      | Noticed Erica
  9317 | D:8      | Killed Erica
  9574 | D:8      | Got a polished leather armour
  9585 | D:8      | Identified the +0 leather armour of the Exiled Seas {Int+4} (You found it on level 8 of the Dungeon)
  9779 | D:9      | Found a white marble altar of Elyvilon.
  9801 | D:9      | Found a snail-covered altar of Cheibriados.
  9813 | D:9      | Became a worshipper of Cheibriados the Contemplative
 10063 | D:9      | Found a basalt altar of Yredelemnul.
 10063 | D:9      | Found a sparkling altar of Nemelex Xobeh.
 10064 | D:9      | Found a glowing silver altar of Zin.
 10335 | D:9      | Reached * piety under Cheibriados
 10506 | D:9      | Reached skill level 5 in Dodging
 10610 | D:10     | Entered Level 10 of the Dungeon
 10610 | D:10     | Noticed Erolcha
 10621 | D:10     | Killed Erolcha
 10621 | D:10     | Reached skill level 10 in Stealth
 10621 | D:10     | Reached XP level 11. HP: 86/100 MP: 11/11
 10741 | D:10     | Got a thick robe
 10752 | D:10     | Identified the +1 robe of the Stag {Str+3 Int+3} (You found it on level 10 of the Dungeon)
 10783 | D:10     | Reached ** piety under Cheibriados
 10916 | D:10     | Noticed Grum
 10938 | D:10     | Mangled by Grum

Vault maps used:
D:1:      minmay_arrival_doors
D:2:      amethyst_overflow_temple_binary, first_bread, corexii_corridor_pit,
          uniq_sigmund
D:3:      okawaru_metal_pillars_1_2, kennysheep_generic_room_11
D:4:      old_forge, uniq_blork_the_orc, uniq_duvessa
D:5:      minmay_temple_entry_statues
D:6:      portal_sewer_entry_e, basic_altar, patterned_corridor
D:7:      serial_shops, nicolae_shop_window_shopping, uniq_pikel, uniq_menkaure
D:8:      grunt_ogre_cave, uniq_erica
D:9:      nicolae_overflow_crystal_walls, gammafunk_temple_overflow_claw,
          elyvilon_altar_4
D:10:     david_lair_shrubbed, kennysheep_orc_monster_closet_entryway,
          feat_on_display, uniq_erolcha, uniq_grum
Temple:   circular_temple_pool_12
Sewer:    sewer_the_crocodile

Action                   |  1- 3 |  4- 6 |  7- 9 | 10-12 || total
-------------------------+-------+-------+-------+-------++-------
Melee: Long sword        |    69 |       |   498 |   170 ||   737
       Short sword       |    66 |   273 |   496 |       ||   835
       Dagger            |       |       |     5 |       ||     5
       Scimitar          |       |       |       |   169 ||   169
Invok: Bend Time         |       |       |       |     1 ||     1
 Abil: Spit Poison       |     1 |     2 |    25 |    18 ||    46
  Use: Scroll            |       |       |     9 |     4 ||    13
 Stab: Sleeping          |       |     2 |     4 |       ||     6
       Held in net/web   |       |       |     2 |       ||     2
       Distracted        |       |       |     1 |       ||     1
  Eat: Royal jelly       |       |     1 |       |       ||     1
       Bread ration      |       |     1 |     1 |     4 ||     6
       Fruit             |       |       |     3 |     5 ||     8
       Beef jerky        |       |       |     1 |     1 ||     2
       Meat ration       |       |       |     2 |       ||     2
